 Dungeon Crawl Stone Soup version 0.22-a0-409-gb855193 (webtiles) character file.

7007 Gorice the Arsonist (level 10, -1/50 HPs)
             Began as a Deep Elf Fire Elementalist on May 9, 2018.
             Was a Follower of Kikubaaqudgha.
             Killed from afar by a gargoyle (14 damage)
             ... with a stone arrow
             ... on level 10 of the Dungeon on May 10, 2018.
             The game lasted 00:48:32 (9611 turns).

Gorice the Arsonist (Deep Elf Fire Elementalist)    Turns: 9611, Time: 00:48:33

Health: -1/50      AC: 13    Str:  8    XL:     10   Next: 82%
Magic:  15/26      EV: 13    Int: 21    God:    Kikubaaqudgha [*.....]
Gold:   408        SH:  0    Dex: 15    Spells: 8/29 levels left

rFire    + . .     SeeInvis .   a - +6 war axe of Mompit {venom, Fragile rF+ rC+}
rCold    + . .     Gourm    .   (no shield)
rNeg     . . .     Faith    .   F - +0 steam dragon scales
rPois    .         Spirit   .   v - +2 helmet
rElec    .         Reflect  .   p - +0 cloak
rCorr    .         Harm     .   n - +0 pair of gloves
MR       +....                  m - +2 pair of boots
Stlth    ++........             A - amulet of the acrobat
HPRegen  0.16/turn              (no ring)
MPRegen  0.20/turn              (no ring)

@: no status effects
A: no striking features
a: Receive Corpses, Renounce Religion


You were on level 10 of the Dungeon.
You worshipped Kikubaaqudgha.
Kikubaaqudgha was aware of your devotion.
You were not hungry.

You visited 2 branches of the dungeon, and saw 11 of its levels.
You also visited: Sewer.

You collected 408 gold pieces.

Inventory:

Hand Weapons
 a - the +6 war axe of Mompit (weapon) {venom, Fragile rF+ rC+}
   (You found it on level 8 of the Dungeon)

   It poisons the flesh of those it strikes.
   It protects you from fire.
   It protects you from cold.
   It will be destroyed if unequipped.
 g - a +2 trident of protection
   (You found it on level 5 of the Dungeon)
 r - a +0 morningstar
 H - a +3 flail
 K - a cursed +4 scimitar of freezing
   (You took it off a wight on level 9 of the Dungeon)
Missiles
 l - 4 poisoned tomahawks (quivered)
 o - 3 javelins
 G - 11 tomahawks
 Y - 336 stones
 Z - 2 throwing nets
Armour
 m - a +2 pair of boots (worn)
 n - a +0 pair of gloves (worn)
 p - a +0 cloak (worn)
 v - a +2 helmet (worn)
 w - a +1 robe
 x - a +0 ring mail
 F - +0 steam dragon scales (worn)
 L - a +0 troll leather armour
Jewellery
 A - an amulet of the acrobat (around neck)
Wands
 s - a wand of random effects (18)
 E - a wand of polymorph (17)
Scrolls
 d - 2 scrolls of teleportation {!r}
 f - 2 scrolls of enchant weapon
 j - 2 scrolls of amnesia
 k - 3 scrolls of enchant armour
 t - 3 scrolls of remove curse
 y - 2 scrolls of magic mapping {!r}
 B - 2 scrolls of blinking
Potions
 b - 6 potions of brilliance {!q}
 e - 5 potions of curing
 h - 4 potions of might {!q}
 i - a potion of mutation {!q}
 q - 2 potions of invisibility {!q}
 u - 2 potions of lignification {!q}
 z - 5 potions of magic {!q}
 C - a potion of agility {unknown}
 D - 2 potions of haste {!q}
 I - a potion of cancellation {unknown}
Comestibles
 c - 26 rations


   Skills:
 + Level 0.0 Fighting
 - Level 2.4 Dodging
 - Level 2.4 Stealth
 + Level 10.2 Spellcasting
 - Level 11.0 Conjurations
 - Level 11.2 Fire Magic
 + Level 4.7 Earth Magic


You had 8 spell levels left.
You knew the following spells:

 Your Spells              Type           Power        Failure   Level  Hunger
a - Flame Tongue          Conj/Fire      #####        1%          1    None
b - Throw Flame           Conj/Fire      ######       1%          2    None
c - Conjure Flame         Conj/Fire      ######..     1%          3    None
d - Sticky Flame          Conj/Fire      ######..     1%          4    ##.....
e - Fireball              Conj/Fire      ######....   1%          5    ####...
f - Throw Frost           Conj/Ice       ####..       1%          2    None
g - Stone Arrow           Conj/Erth      #####.       1%          3    None
s - Animate Skeleton      Necr           N/A          6%          1    None


Dungeon Overview and Level Annotations

Branches:
Dungeon (10/15)            Temple (1/1) D:7
   Lair: D:8-11         Orc: D:9-12

Altars:
Ashenzari
Cheibriados
Dithmenos
Elyvilon
Fedhas
Gozag
Kikubaaqudgha
Makhleb
Nemelex Xobeh
Okawaru
Qazlal
Ru
Sif Muna
Trog
Uskayaw
Vehumet
Wu Jian
Xom
Yredelemnul
Zin
The Shining One

Shops:
D:4 =   D:9 =


Message History

Aim: a gargoyle, wielding a mace The puff of frost hits the gargoyle.
The gargoyle is moderately damaged.
Casting: Throw Frost (safe; 1% risk of failure)
Confirm with . or Enter, or press ? or * to list all spells.
Aiming: Throw Frost (safe; 1% risk of failure)
Press: ? - help, Shift-Dir - straight line, f/p - gargoyle
Aim: a gargoyle, wielding a mace (moderately damaged)
The puff of frost hits the gargoyle.
The gargoyle appears unharmed.
The gargoyle is moderately damaged.
The gargoyle hurls a stone arrow at you.
The stone arrow hits you!
Damage: 13 (max 13)
Casting: Throw Frost (safe; 1% risk of failure)
Confirm with . or Enter, or press ? or * to list all spells.
Aiming: Throw Frost (safe; 1% risk of failure)
Press: ? - help, Shift-Dir - straight line, f/p - gargoyle
Aim: a gargoyle, wielding a mace (moderately damaged)
The puff of frost hits the gargoyle.
The gargoyle appears unharmed.
The gargoyle is moderately damaged.
The gargoyle hurls a stone arrow at you.
The stone arrow hits you!
Ouch! That really hurt!
* * * LOW HITPOINT WARNING * * *
Damage: 25 (max 25) Unknown command.
Casting: Throw Frost (safe; 1% risk of failure)
Confirm with . or Enter, or press ? or * to list all spells.
Aiming: Throw Frost (safe; 1% risk of failure)
Press: ? - help, Shift-Dir - straight line, f/p - gargoyle
Aim: a gargoyle, wielding a mace (moderately damaged)
The puff of frost hits the gargoyle.
The gargoyle is heavily damaged.
Casting: Throw Frost (safe; 1% risk of failure)
Confirm with . or Enter, or press ? or * to list all spells.
Aiming: Throw Frost (safe; 1% risk of failure)
Press: ? - help, Shift-Dir - straight line, f/p - gargoyle
Aim: a gargoyle, wielding a mace (heavily damaged)
The puff of frost misses the gargoyle.
Casting: Throw Frost (safe; 1% risk of failure)
Confirm with . or Enter, or press ? or * to list all spells.
Aiming: Throw Frost (safe; 1% risk of failure)
Press: ? - help, Shift-Dir - straight line, f/p - gargoyle
Aim: a gargoyle, wielding a mace (heavily damaged)
The puff of frost hits the gargoyle.
The gargoyle is severely damaged.
The gargoyle hurls a stone arrow at you.
The stone arrow hits you!
You die...
Kikubaaqudgha rasps: "You have failed me!
Welcome... death!"

##.#.##.########.##
##.###.# #.#
#.###.# #.# #.....#
#+# #.##### #.# #^#
## ########.#.?.##
.....9.@........
########.#...###
#.##.## #.# ## #..
###


You could see a gargoyle.

Vanquished Creatures
  A two-headed ogre (D:9)
  The ghost of KlownO the Cudgeler, a novice GrEE of Vehumet (D:5)
  A centaur zombie (D:10)
  A komodo dragon (D:9)
  A troll (D:9)
  2 hippogriffs (D:9)
  6 yaks (D:9)
  A wyvern (D:7)
  A hungry ghost (D:6)
  2 steam dragons
  2 water moccasins
  2 sky beasts
  An orc warrior (D:8)
  An ice beast (D:6)
  2 phantoms (D:8)
  A black bear (D:6)
  5 ogres
  A crocodile (D:9)
  A gnoll sergeant (D:9)
  4 bullfrogs
  4 scorpions
  3 wights (D:9)
  5 killer bees (D:9)
  The ghost of azzavlup the Changer, a weakling DrTm (D:3)
  4 crimson imps
  A quasit (D:8)
  2 orc priests
  5 hounds
  A bullfrog skeleton (D:9)
  A jelly (D:9)
  6 orc wizards
  A centaur skeleton (D:6)
  An iguana (D:6)
  6 worker ants
  2 hound skeletons
  A howler monkey zombie (D:7)
  3 gnolls (D:9)
  A worker ant zombie (D:6)
  A howler monkey skeleton (D:5)
  18 adders
  A river rat (Sewer)
  2 oozes
  3 adder skeletons
  An adder zombie (D:8)
  2 worms
  4 dart slugs
  6 leopard geckos
  22 orcs
  12 giant cockroaches
  6 hobgoblins
  8 jackals
  10 ball pythons
  6 bats
  10 frilled lizards
  12 goblins
  11 kobolds
  2 quokka zombies
  33 rats
255 creatures vanquished.

Vanquished Creatures (collateral kills)
  A phantom (D:9)
  A wight (D:9)
  A crimson imp (D:9)
3 creatures vanquished.

Grand Total: 258 creatures vanquished

Notes
Turn   | Place    | Note
-------+----------+-------------------------------------------
     0 | D:1      | Gorice the Deep Elf Fire Elementalist began the quest for the Orb.
     0 | D:1      | Reached XP level 1. HP: 10/10 MP: 6/6
   197 | D:1      | HP: 2/10 [ooze (3)]
   201 | D:1      | Reached skill level 2 in Conjurations
   201 | D:1      | Reached XP level 2. HP: 4/15 MP: 1/8
   871 | D:1      | Reached XP level 3. HP: 19/19 MP: 7/10
  1002 | D:2      | Reached skill level 3 in Conjurations
  1170 | D:2      | Found a sacrificial altar of Ru.
  1181 | D:2      | Reached skill level 4 in Spellcasting
  1181 | D:2      | Reached XP level 4. HP: 24/24 MP: 4/12
  1366 | D:2      | Reached skill level 4 in Conjurations
  1739 | D:3      | Reached XP level 5. HP: 26/28 MP: 9/14
  1921 | D:3      | Identified the Disquisition on the Quantum Frostbite
  1984 | D:3      | Noticed azzavlup's ghost (weakling DrTm)
  2001 | D:3      | Learned a level 2 spell: Throw Flame
  2005 | D:3      | Learned a level 3 spell: Conjure Flame
  2172 | D:3      | Killed azzavlup's ghost
  2172 | D:3      | Reached skill level 5 in Spellcasting
  2789 | D:4      | Reached skill level 5 in Conjurations
  2789 | D:4      | Reached skill level 4 in Fire Magic
  2789 | D:4      | Reached XP level 6. HP: 32/32 MP: 9/15
  3086 | D:3      | Learned a level 2 spell: Throw Frost
  3102 | D:4      | Reached skill level 5 in Fire Magic
  3293 | D:4      | Found Rostrokh's Jewellery Emporium.
  3519 | D:5      | Entered Level 5 of the Dungeon
  3560 | D:5      | Reached XP level 7. HP: 36/36 MP: 12/17
  3648 | D:5      | Reached skill level 6 in Spellcasting
  3711 | D:5      | Noticed KlownO's ghost (novice GrEE)
  3749 | D:5      | Killed KlownO's ghost
  3749 | D:5      | Reached skill level 6 in Conjurations
  3749 | D:5      | Reached skill level 6 in Fire Magic
  3942 | D:5      | Learned a level 4 spell: Sticky Flame
  4775 | D:5      | Upgraded the game from 0.22-a0-407-gb098539 to 0.22-a0-409-gb855193
  4784 | D:6      | Reached XP level 8. HP: 41/41 MP: 14/20
  4800 | D:6      | Reached skill level 7 in Spellcasting
  4874 | D:6      | Reached skill level 7 in Fire Magic
  4970 | D:6      | Found a glowing drain.
  4994 | Sewer    | Entered a sewer
  5134 | Sewer    | Reached skill level 7 in Conjurations
  6062 | D:6      | Reached skill level 8 in Fire Magic
  6326 | D:7      | Reached skill level 8 in Spellcasting
  6326 | D:7      | Reached skill level 8 in Conjurations
  6450 | D:7      | Reached XP level 9. HP: 41/45 MP: 6/23
  6918 | D:7      | Found a staircase to the Ecumenical Temple.
  6962 | Temple   | Entered the Ecumenical Temple
  6979 | Temple   | Learned a level 5 spell: Fireball
  6983 | Temple   | Learned a level 3 spell: Stone Arrow
  7181 | Temple   | Became a worshipper of Kikubaaqudgha
  7297 | D:7      | Reached skill level 9 in Fire Magic
  7782 | D:8      | Found a glowing silver altar of Zin.
  7793 | D:8      | Reached skill level 1 in Earth Magic
  7880 | D:8      | Reached skill level 9 in Conjurations
  8105 | D:8      | Reached skill level 2 in Earth Magic
  8255 | D:8      | Got an ichor-stained war axe
  8256 | D:8      | Identified the +6 war axe of Mompit {venom, Fragile rF+ rC+} (You found it on level 8 of the Dungeon)
  8411 | D:8      | Reached skill level 9 in Spellcasting
  8571 | D:9      | Noticed a komodo dragon
  8579 | D:9      | Killed a komodo dragon
  8601 | D:9      | Reached skill level 3 in Earth Magic
  8603 | D:9      | Reached skill level 10 in Fire Magic
  8603 | D:9      | Reached XP level 10. HP: 42/50 MP: 16/25
  8606 | D:9      | Noticed a two-headed ogre
  8606 | D:9      | Reached * piety under Kikubaaqudgha
  8606 | D:9      | Identified Kikubaaqudgha's Grimoire of Evil Rituals (Kikubaaqudgha gifted it to you on level 9 of the Dungeon)
  8606 | D:9      | Received a gift from Kikubaaqudgha
  8608 | D:9      | Reached skill level 10 in Conjurations
  8615 | D:9      | HP: 11/50 [yak (10)]
  8626 | D:9      | Killed a two-headed ogre
  8778 | D:9      | Learned a level 1 spell: Animate Skeleton
  8850 | D:9      | Found Rozufof's Jewellery Emporium.
  8963 | D:9      | Reached skill level 4 in Earth Magic
  9175 | D:9      | Reached skill level 10 in Spellcasting
  9257 | D:9      | Reached skill level 11 in Fire Magic
  9517 | D:10     | Entered Level 10 of the Dungeon
  9545 | D:10     | Reached skill level 11 in Conjurations
  9575 | D:10     | Identified the Handbook of Scorching Darkness
  9604 | D:10     | Noticed a gargoyle
  9608 | D:10     | HP: 12/50 [gargoyle/stone arrow (25)]
  9611 | D:10     | Killed from afar by a gargoyle

Vault maps used:
D:1:      dpeg_arrival_simpleton_c
D:2:      first_ration, nicolae_ru_great_annihilating_truth
D:3:      minmay_checkerbox
D:4:      serial_shops, nicolae_shop_statue_plus
D:5:      nicolae_overflow_hidden_temple
D:6:      portal_sewer_entry_f
D:7:      temple_doors_e, grunt_ogre_cave
D:8:      basic_altar
D:9:      serial_shops, kennysheep_mini_moat
D:10:     hangedman_cross_veins
Temple:   kilobyte_greek_temple
Sewer:    sewer_minmay_w

Skill      XL: |  1  2  3  4  5  6  7  8  9 10 |
---------------+-------------------------------+-----
Conjurations   | 2 3 4 5 6 8 9 11 | 11.0
Spellcasting   | 4 5 6 8 9 10 | 10.2
Fire Magic     | 4 5 6 8 10 11 | 11.2
Earth Magic    | 3 4 |  4.7
Dodging        | |  2.4
Stealth        | |  2.4

Action                   |  1- 3 |  4- 6 |  7- 9 | 10-12 || total
-------------------------+-------+-------+-------+-------++-------
Melee: Unarmed           |     4 |     4 |       |       ||     8
       Morningstar       |       |    36 |       |       ||    36
       Flail             |       |       |    36 |       ||    36
       War axe           |       |       |    20 |    61 ||    81
Throw: Tomahawk          |       |       |     4 |       ||     4
       Javelin           |       |       |     3 |       ||     3
 Cast: Flame Tongue      |    63 |   100 |   132 |    17 ||   312
       Throw Flame       |       |    17 |    82 |    10 ||   109
       Throw Frost       |       |     8 |     4 |     6 ||    18
       Conjure Flame     |       |       |    23 |     8 ||    31
       Sticky Flame      |       |       |     9 |     8 ||    17
       Stone Arrow       |       |       |     5 |     9 ||    14
       Fireball          |       |       |     1 |     3 ||     4
       Animate Skeleton  |       |       |       |     7 ||     7
Evoke: Wand              |       |       |     5 |       ||     5
  Use: Scroll            |     4 |     6 |    11 |     1 ||    22
 Stab: Sleeping          |       |       |     1 |     2 ||     3
  Eat: Chunk             |     1 |     7 |    17 |     4 ||    29
Armor: Robe              |     9 |    22 |    23 |       ||    54
       Steam dragon scal |       |       |    13 |    32 ||    45
Dodge: Dodged            |    29 |    61 |    68 |    56 ||   214

Table legend:
 A = Spawn XP
 B = Non-spawn XP
 C = Spawn XP percentage of total XP
 D = Spawn monster count
 E = Non-spawn monster count
 F = Spawn count percentage of total count
 G = Total turns spent on level
                    A         B        C        D         E        F      G
               +---------+---------+-------+---------+---------+-------+---------
         Total |       0 |   10011 |   0.0 |       0 |     258 |   0.0 |  9611
               +---------+---------+-------+---------+---------+-------+---------
           D:1 |       0 |      44 |   0.0 |       0 |      23 |   0.0 |   940
           D:2 |       0 |     117 |   0.0 |       0 |      29 |   0.0 |   700
           D:3 |       0 |     170 |   0.0 |       0 |      26 |   0.0 |  1150
           D:4 |       0 |     391 |   0.0 |       0 |      12 |   0.0 |   818
           D:5 |       0 |     674 |   0.0 |       0 |      10 |   0.0 |  1169
           D:6 |       0 |     750 |   0.0 |       0 |      25 |   0.0 |   927
           D:7 |       0 |    1137 |   0.0 |       0 |      20 |   0.0 |  1051
           D:8 |       0 |    1147 |   0.0 |       0 |      21 |   0.0 |   998
           D:9 |       0 |    4794 |   0.0 |       0 |      42 |   0.0 |   964
          D:10 |       0 |     490 |   0.0 |       0 |       2 |   0.0 |    94
         Sewer |       0 |     297 |   0.0 |       0 |      48 |   0.0 |   538
               +---------+---------+-------+---------+---------+-------+---------

Table legend:
 A = Turns spent in this place as a percentage of turns spent in the entire game.
 B = Non-inter-level travel turns spent in this place as a percentage of non-inter-level travel turns spent in the entire game.
 C = Inter-level travel turns spent in this place as a percentage of turns spent in this place.
 D = Turns resting spent in this place as a percentage of non-inter-level travel turns spent in this place.
 E = Turns spent auto-exploring this place as a percentage of non-inter-level travel turns spent in this place.
 F = Non-inter-level travel turns spent in this place divided by the number of levels of this place that you've seen.
                   A       B       C       D       E      F
               +-------+-------+-------+-------+-------+----------------------
         Total | 100.0 | 100.0 |   4.0 |  29.0 |  36.8 | 769.1
       Dungeon |  91.7 |  91.8 |   3.9 |  27.3 |  39.5 | 847.0
        Temple |   2.7 |   2.4 |  15.6 |  65.2 |  17.6 | 221.0
         Sewer |   5.6 |   5.8 |   0.0 |  40.0 |   1.7 | 538.0
               +-------+-------+-------+-------+-------+----------------------

Vault maps used:
D:1:      dpeg_arrival_simpleton_c
D:2:      first_ration, nicolae_ru_great_annihilating_truth
D:3:      minmay_checkerbox
D:4:      serial_shops, nicolae_shop_statue_plus
D:5:      nicolae_overflow_hidden_temple
D:6:      portal_sewer_entry_f
D:7:      temple_doors_e, grunt_ogre_cave
D:8:      basic_altar
D:9:      serial_shops, kennysheep_mini_moat
D:10:     hangedman_cross_veins
Temple:   kilobyte_greek_temple
Sewer:    sewer_minmay_w
